 Dungeon Crawl Stone Soup version 0.13-a0-2590-g8c14591 (webtiles) character file.

133 Snargelfargen the Ruffian (level 3, -3/31 HPs)
             Began as a Naga Transmuter on Aug 2, 2013.
             Slain by an adder (4 damage)
             ... on Level 2 of the Dungeon.
             The game lasted 00:06:57 (1383 turns).

Snargelfargen the Ruffian (Naga Transmuter)         Turns: 1383, Time: 00:06:57

HP  -3/31        AC  2     Str 13      XL: 3   Next: 77%
MP   3/4         EV 10     Int 13      God:
Gold 84          SH  0     Dex 11      Spells:  2 memorised,  3 levels left

Res.Fire  : . . .   See Invis. : +     - Unarmed
Res.Cold  : . . .   Warding    : .   c - +0 robe
Life Prot.: . . .   Conserve   : .   (no shield)
Res.Poison: +       Res.Corr.  : .   (helmet restricted)
Res.Elec. : .       Clarity    : .   (no cloak)
Sust.Abil.: . .     Spirit.Shd : .   (no gloves)
Res.Mut.  : .       Rnd.Telep. : +   (no barding)
Res.Rott. : .       Flight     : .   (no amulet)
Saprovore : . . .                    (no ring)
                                     s - cursed ring of teleportation

@: appendage (expiring), mildly poisoned, very slow, slightly resistant to
hostile enchantments, unstealthy
A: spit poison, horns 2, see invisible, deformed body, poison resistance,
slowness 2, AC +1
a: Spit Poison, End Transformation, Evoke Teleportation


You were on level 2 of the Dungeon.
You were hungry.
You had grown temporary horns.
You visited 1 branch of the dungeon, and saw 2 of its levels.

You collected 64 gold pieces.

Inventory:

Hand weapons
 e - a -1,+1 orcish club
 h - a +0,+0 club
 n - a +1,+1 whip of reaching
 o - a +0,+0 mace
 p - a +0,+0 short sword
 r - a +0,+0 orcish club
 t - a +0,+0 dagger
 v - a +0,+0 club
 y - a +2,+1 dagger
Missiles
 b - 37 arrows
 j - 18 stones
 k - 15 poisoned needles
 l - 20 bolts
 q - 13 darts (quivered)
 x - 2 darts of flame
Armour
 c - a +0 robe (worn)
 u - a +0 chain mail
 z - a +0 animal skin
Comestibles
 a - a bread ration
Scrolls
 g - a scroll of teleportation
 w - a scroll of enchant weapon II
 A - a scroll of recharging {unknown}
 B - a scroll of magic mapping {unknown}
 C - 3 scrolls of identify {unknown}
Jewellery
 s - a cursed ring of teleportation (left hand)
Potions
 f - a potion of invisibility {unknown}
 i - a potion of curing {unknown}
 m - a potion of degeneration {unknown}
 D - a potion of speed {unknown}
Books
 d - a book of Changes

   Spells                             Type                      Level
   *Beastly Appendage                 Transmutation                1
   *Sticks to Snakes                  Transmutation                2
   Spider Form                        Transmutation/Poison         3
   Ice Form                           Ice/Transmutation            4
   Blade Hands                        Transmutation                5


   Skills:
 - Level 1.0 Fighting
 - Level 1.5 Dodging
 + Level 4.0 Unarmed Combat
 - Level 2.0 Spellcasting
 + Level 3.0 Transmutations


You had 3 spell levels left.
You knew the following spells:

 Your Spells              Type           Power        Failure   Level  Hunger
a - Beastly Appendage     Trmt           #.....       10%         1    ##.....
b - Sticks to Snakes      Trmt           #.........   12%         2    ###....


Dungeon Overview and Level Annotations

Branches:
Dungeon (2/27)

Altars:


Innate Abilities, Weirdness & Mutations

You cannot wear boots.
You can spit poison.
Your serpentine skin is tough (AC +1).
You have supernaturally acute eyesight.
Armour fits poorly on your strangely shaped body.
Your system is resistant to poisons.
You cover ground very slowly.
You have a pair of horns on your head.


Message History

* * * LOW HITPOINT WARNING * * *
You are poisoned.
The adder poisons you!
You miss the adder. Your headbutt misses the adder.
The adder is severely wounded.
The adder bites you.
* * * LOW HITPOINT WARNING * * *
You closely miss the adder. Your headbutt misses the adder.
The adder is severely wounded.
* * * LOW HITPOINT WARNING * * *
You feel sick. The adder misses you. The adder barely misses you.
You closely miss the adder.
The adder is severely wounded.
Your transformation is almost over.
The adder bites you.
* * * LOW HITPOINT WARNING * * *
You hit the adder.
The adder is almost dead.
The adder bites you.
You die...

......###.......#
#....######.
(...............#
....#.# #.
...(..##........#
######..#.###. ...
#........#
#.#..... .
#........# #
.#.#### #....<...#
.# .. #
#........##.##....
#
#.#+###.#.........
# #.# #.#@#(#.....
#### #.# #.#S# # .
#... #. #.#.# #.##
#.#.# # #. #.#.#
#. #.#.# #. .....
#. #.# #.## #.#
#...


You could see an adder.

Vanquished Creatures
  2 adders (D:2)
  A giant mite (D:1)
  A ball python (D:1)
  A giant cockroach (D:1)
  5 hobgoblins
  A bat (D:2)
  2 giant newts (D:1)
  5 goblins
  6 kobolds (D:1)
  A rat (D:1)
25 creatures vanquished.

Notes
Turn   | Place    | Note
--------------------------------------------------------------
     0 | D:1      | Snargelfargen, the Naga Transmuter, began the quest for the Orb.
     0 | D:1      | Reached XP level 1. HP: 18/18 MP: 1/1
    71 | D:1      | Reached XP level 2. HP: 18/25 MP: 0/3
  1022 | D:2      | Reached XP level 3. HP: 19/31 MP: 4/4
  1357 | D:2      | Reached skill level 4 in Unarmed Combat
  1361 | D:2      | Learned a level 2 spell: Sticks to Snakes
  1382 | D:2      | HP: 1/31 [adder (2)]
  1383 | D:2      | Slain by an adder

Action                   || total
-------------------------++-------
Melee: Unarmed           ||    91
Throw: Dagger            ||     7
       Dart              ||    31
       Stone             ||     5
 Cast: Beastly Appendage ||    16
 Abil: Spit Poison       ||     1
  Use: Scroll            ||     3
